[Event "Stay Safe Play From Home 207"]
[Site "T#646637Emanuel Laske"]
[Date "2020.06.07"]
[Round "2"]
[White "Sfantul321"]
[Black "Bellbox"]
[Result "1-0"]
[WhiteElo "1957"]
[BlackElo "2007"]
[Annotator "NA RC"]
[PlyCount "39"]
[EventDate "2020.06.07"]
[EventType "swiss (blitz)"]
[TimeControl "300"]

1. c4 f5 2. Nc3 Nf6 3. g3 g6 4. Bg2 Bg7 5. e3 O-O 6. Nge2 d6 7. O-O c5 8. d3 Nc6 9. a3 a5 10. b3 e5 11. Rb1 Be6 12. Nd5 e4 13. dxe4 Nxe4 14. Nef4 Bf7 15. Bxe4 fxe4 16. Qc2 Re8 17. Bb2 Bxb2 18. Qxb2 Ne5 19. Kg2 Qd7 20. Nf6+ {[%emt 0:00:02] Bellbox resigns (Lag: Av=0.55s, max=1.2s)} 1-0